 Dungeon Crawl Stone Soup version 0.13-a0-3110-gf6e36dc (webtiles) character file.

253 PolkaDot the Ruinous (level 4, -5/28 HPs)
             Began as a Vampire Wizard on Sept 20, 2013.
             Slain by a scorpion (8 damage)
             ... on Level 3 of the Dungeon.
             The game lasted 00:06:52 (2202 turns).

PolkaDot the Ruinous (Vampire Wizard)               Turns: 2202, Time: 00:06:53

HP  -5/28        AC  2     Str  6      XL: 4   Next: 66%
MP   3/12        EV 12     Int 21      God:
Gold 139         SH  0     Dex 12      Spells:  3 memorised,  2 levels left

Res.Fire  : . . .   See Invis. : +   e - +3,+2 elf short sword (venom)
Res.Cold  : . . .   Warding    : .   a - +0 robe
Life Prot.: . . .   Conserve   : .   (no shield)
Res.Poison: .       Res.Corr.  : .   b - +0 wizard hat
Res.Elec. : .       Clarity    : .   (no cloak)
Sust.Abil.: + .     Spirit.Shd : .   (no gloves)
Res.Mut.  : .       Stasis     : .   (no boots)
Res.Rott. : .       Flight     : .   (no amulet)
Saprovore : . . .                    (no ring)
                                     j - ring of sustain abilities {unknown}

@: regenerating quickly, slightly resistant to hostile enchantments, stealthy
A: fangs 3, see invisible, unbreathing
a: no special abilities


You were on level 3 of the Dungeon.
You were very full.

You visited 1 branch of the dungeon, and saw 3 of its levels.

You collected 119 gold pieces.

Inventory:

Hand weapons
 e - a +3,+2 elven short sword of venom (weapon)
Armour
 a - a +0 robe (worn)
 b - a +0 wizard hat (worn)
Scrolls
 d - a scroll of magic mapping {unknown}
 f - 2 scrolls of identify {unknown}
 g - a scroll of recharging {unknown}
 h - a scroll of fear {unknown}
 k - 2 scrolls of curse weapon {unknown}
 m - a scroll of blinking {unknown}
 n - a scroll of remove curse {unknown}
 o - a scroll of enchant weapon II {unknown}
 p - a scroll of fog {unknown}
Jewellery
 j - a ring of sustain abilities (left hand) {unknown}
 l - a +4 ring of intelligence {unknown}
Potions
 i - a potion of confusion {unknown}
 q - a potion of paralysis {unknown}
 r - a potion of curing {unknown}
Books
 c - a book of Minor Magic

   Spells                             Type                      Level
   *Magic Dart                        Conjuration                  1
   Blink                              Translocation                2
   Call Imp                           Summoning                    2
   Repel Missiles                     Charms/Air                   2
   Slow                               Hexes                        2
   *Conjure Flame                     Conjuration/Fire             3
   *Mephitic Cloud                    Conjuration/Poison/Air       3


   Skills:
 - Level 2.1 Dodging
 - Level 3.0 Stealth
 - Level 3.0 Spellcasting
 * Level 3.4 Conjurations
   Level 1.0 Summonings
   Level 0.7 Translocations


You had 2 spell levels left.
You knew the following spells:

 Your Spells              Type           Power        Failure   Level  Hunger
a - Magic Dart            Conj           ###.         3%          1    None
d - Mephitic Cloud        Conj/Pois/Air  #.......     30%         3    ###....
s - Conjure Flame         Conj/Fire      ##......     24%         3    ###....


Dungeon Overview and Level Annotations

Branches:
Dungeon (3/27)

Altars:


Innate Abilities, Weirdness & Mutations

Your natural rate of healing is unusually fast.
You have razor-sharp teeth.*
You have supernaturally acute eyesight.
You can survive without breathing.*


Message History

The scorpion stings you!
* * * LOW HITPOINT WARNING * * *
Casting: Magic Dart
Confirm with . or Enter, or press ? or * to list all spells.
Aiming: Magic Dart
Press: ? - help, Shift-Dir - straight line, f/p - scorpion
Aim: a scorpion (heavily wounded)
The magic dart hits the scorpion.
The scorpion is severely wounded.
The scorpion stings you.
* * * LOW HITPOINT WARNING * * *
Casting: Magic Dart
Confirm with . or Enter, or press ? or * to list all spells.
Aiming: Magic Dart
Press: ? - help, Shift-Dir - straight line, f/p - scorpion
Aim: a scorpion (severely wounded)
The magic dart hits the scorpion.
The scorpion is severely wounded.
The scorpion stings you!
You die...

.. #......... ..
#......... .. #.######..
#. #.# #.. ####.####
#[######.. ##$... ..###
#.######.. ###.....##...
#.#<>###..
#.......s#.######.######..
.....>...@........#####...
..........######.......#
.......##.# #.####..#.
....... ..# #.#.......
###############....#..##
#..............
#.####.........
#........#####. #..#.#..##
#.


You could see a scorpion.

Vanquished Creatures
  4 adders
  A giant mite (D:2)
  A worm (D:2)
  6 bats (D:2)
  12 hobgoblins
  5 jackals (D:2)
  4 kobolds
  A quokka (D:2)
  2 ball pythons
  6 giant cockroaches
  2 giant geckos
  4 giant newts
  7 goblins
  7 rats
62 creatures vanquished.

Notes
Turn   | Place    | Note
--------------------------------------------------------------
     0 | D:1      | PolkaDot, the Vampire Wizard, began the quest for the Orb.
     0 | D:1      | Reached XP level 1. HP: 11/11 MP: 6/6
    36 | D:1      | Reached skill level 1 in Conjurations
   258 | D:1      | Reached XP level 2. HP: 10/17 MP: 1/8
   836 | D:1      | Reached XP level 3. HP: 20/22 MP: 3/10
  1230 | D:2      | Learned a level 3 spell: Conjure Flame
  1234 | D:2      | Learned a level 3 spell: Mephitic Cloud
  1604 | D:2      | Reached XP level 4. HP: 28/28 MP: 12/12
  2202 | D:3      | Slain by a scorpion

Action                   |  1- 3 |  4- 6 || total
-------------------------+-------+-------++-------
Melee: Short sword       |    34 |    25 ||    59
       Unarmed           |     1 |       ||     1
 Cast: Magic Dart        |    91 |    23 ||   114
       Conjure Flame     |     1 |     1 ||     2
  Use: Potion            |       |     1 ||     1
 Stab: Sleeping          |     2 |     1 ||     3
